 Dungeon Crawl Stone Soup version 0.22-a0-782-g038298e (webtiles) character file.

21 Hebeh the Conjurer (level 2, -1/15 HPs)
             Began as a Deep Elf Conjurer on July 20, 2018.
             Slain by a goblin
             ... wielding a +0 dagger
              (3 damage)
             ... on level 1 of the Dungeon.
             The game lasted 00:02:34 (579 turns).

Hebeh the Conjurer (Deep Elf Conjurer)               Turns: 579, Time: 00:02:35

Health: -1/15      AC:  2    Str:  5    XL:     2   Next: 62%
Magic:  0/8        EV: 13    Int: 19    God:
Gold:   35         SH:  0    Dex: 15    Spells: 5/8 levels left

rFire    . . .     SeeInvis .   i - +0 club
rCold    . . .     Gourm    .   (no shield)
rNeg     . . .     Faith    .   a - +0 robe
rPois    .         Spirit   .   (no helmet)
rElec    .         Reflect  .   (no cloak)
rCorr    .         Harm     .   (no gloves)
MR       .....                  (no boots)
Stlth    ++........             (no amulet)
HPRegen  0.05/turn              (no ring)
MPRegen  0.11/turn              (no ring)

@: no status effects
A: no striking features
a: no special abilities


You were on level 1 of the Dungeon.
You were not hungry.

You visited 1 branch of the dungeon, and saw 1 of its levels.

You collected 35 gold pieces.

Inventory:

Hand Weapons
 i - a +0 club (weapon)
Armour
 a - a +0 robe (worn)
Scrolls
 b - a scroll of enchant weapon {unknown}
 d - a scroll of teleportation {unknown}
 e - a scroll of magic mapping {unknown}
 g - 2 scrolls of identify {unknown}
 h - a scroll of fear {unknown}
 j - a scroll of fog {unknown}
 k - a scroll of random uselessness {unknown}
Potions
 l - a potion of lignification {unknown}
 m - a potion of resistance {unknown}
Comestibles
 c - 2 rations
 f - 3 chunks of flesh


   Skills:
 - Level 2.4 Dodging
 - Level 2.4 Stealth
 + Level 3.8 Spellcasting
 + Level 4.8 Conjurations


You had 5 spell levels left.
You knew the following spells:

 Your Spells              Type           Power        Failure   Level  Hunger
a - Magic Dart            Conj           ###.         1%          1    None
c - Searing Ray           Conj           ###...       2%          2    ##.....

Your spell library contained the following spells:

 Spells                   Type           Power        Failure   Level  Hunger
 Iskenderun's Mystic Bla  Conj           ###.....     19%         4    ####...
 Fulminant Prism          Conj/Hex       ##........   45%         4    ####...
 Dazzling Spray           Conj/Hex       ##....       16%         3    ###....
 Force Lance              Conj/Tloc      ##......     45%         4    ####...


Dungeon Overview and Level Annotations

Branches:
Dungeon (1/15)

Altars:


Message History

The jackal barely misses you. The jackal misses you.
You hit the jackal but do no damage.
The jackal is severely wounded.
The jackal closely misses you. The jackal bites you.
* * * LOW HITPOINT WARNING * * *
Casting: Magic Dart (safe; 1% risk of failure)
Confirm with . or Enter, or press ? or * to list all spells.
Aiming: Magic Dart (safe; 1% risk of failure)
Press: ? - help, Shift-Dir - straight line, f/p - jackal
Aim: a jackal (severely wounded)
The magic dart hits the jackal.
You kill the jackal!
You miss the goblin. The goblin barely misses you.
You closely miss the goblin. The goblin barely misses you.
You hit the goblin.
The goblin is moderately wounded.
The goblin hits you with a dagger.
* * * LOW HITPOINT WARNING * * *
The goblin hits you with a dagger.
You die...

....... ....... .h.....
h...... ..... ###### ...
...... ######.## ......
#..@g...# ...... #.#.#######
..... #.#.##....# ###.
#.#.##.##.#.# #.
#.#.##.#..#.####### #.
#.#....#.##.##....###.
#.#.......#.##.>......
#######.#....#..#.##........
#.........####..#.##........


You could see a goblin.

Vanquished Creatures
  A dart slug (D:1)
  A giant cockroach (D:1)
  3 goblins (D:1)
  A hobgoblin (D:1)
  4 jackals (D:1)
  2 bats (D:1)
  A frilled lizard (D:1)
  4 rats (D:1)
17 creatures vanquished.

Notes
Turn   | Place    | Note
-------+----------+-------------------------------------------
     0 | D:1      | Hebeh the Deep Elf Conjurer began the quest for the Orb.
     0 | D:1      | Reached XP level 1. HP: 10/10 MP: 6/6
   325 | D:1      | Reached XP level 2. HP: 15/15 MP: 4/8
   391 | D:1      | Learned a level 2 spell: Searing Ray
   579 | D:1      | Slain by a goblin

Vault maps used:
D:1:      evilmike_arrival_plus

Action                   || total
-------------------------++-------
Melee: Club              ||    10
 Cast: Magic Dart        ||    31
       Searing Ray       ||     1
Armor: Robe              ||     2
Dodge: Dodged            ||    14

Table legend:
 A = Spawn XP
 B = Non-spawn XP
 C = Spawn XP percentage of total XP
 D = Spawn monster count
 E = Non-spawn monster count
 F = Spawn count percentage of total count
 G = Total turns spent on level
                    A         B        C        D         E        F      G
               +---------+---------+-------+---------+---------+-------+---------
         Total |       0 |      30 |   0.0 |       0 |      17 |   0.0 |   579
               +---------+---------+-------+---------+---------+-------+---------
           D:1 |       0 |      30 |   0.0 |       0 |      17 |   0.0 |   579
               +---------+---------+-------+---------+---------+-------+---------
